 Dungeon Crawl Stone Soup version 0.27-a0-1154-gfdeffcb720 (webtiles) character file.

Game seed: 4833384014382334913

28426 leviel the Severer (level 13, -1/111 (116) HPs)
             Began as a Minotaur Fighter on May 14, 2021.
             Slain by a ghost crab (3 damage)
             ... on level 3 of the Lair of Beasts.
             The game lasted 00:23:50 (20352 turns).

leviel the Severer (Minotaur Fighter)              Turns: 20352, Time: 00:23:51

HP:   -1/111 (116)  AC:  4    Str: 23    XL:     13   Next: 9%
MP:   12/12         EV: 10    Int:  5    God:
Gold: 444           SH: 18    Dex: 13    Spells: 12/12 levels left

rFire    . . .     SeeInvis +   a - +4 war axe
rCold    . . .     Faith    .   c - +0 kite shield
rNeg     . . .     Spirit   .   b - +0 scale mail
rPois    .         Reflect  +   p - +2 hat
rElec    .         Harm     .   (no cloak)
rCorr    .         Rampage  .   (no gloves)
Will     .....                  A - +0 pair of boots
Stlth    ..........             E - amulet of reflection
HPRegen  0.28/turn              n - ring of see invisible
MPRegen  0.13/turn              y - +4 ring of slaying {=r}

@: about to teleport, corroded, lightly drained
A: horns 2, retaliatory headbutt
a: no special abilities


You were on level 3 of the Lair of Beasts.
You visited 3 branches of the dungeon, and saw 14 of its levels.
You also visited: Sewer.

You collected 660 gold pieces.
You spent 216 gold pieces at shops.

Inventory:

Hand Weapons
 a - a +4 war axe (weapon)
 d - the +9 hunting sling of Instant Death {flame, rElec rC+ rCorr}
   (You found it on level 3 of the Lair of Beasts)

   It causes projectiles fired from it to burn those they strike, causing extra
   injury to most foes and up to half again as much damage against particularly
   susceptible opponents.
   It protects you from cold.
   It insulates you from electricity.
   It protects you from acid and corrosion.
 F - a +2 halberd of flaming
 H - a +5 trident of freezing
Missiles
 B - 6 boomerangs of dispersal (quivered)
 M - 5 silver javelins
 O - 8 curare-tipped darts
 P - 3 throwing nets
 S - 5 javelins
Armour
 b - a +0 scale mail (worn)
 c - a +0 kite shield (worn)
 p - a +2 hat (worn)
 A - a +0 pair of boots (worn)
Jewellery
 n - a ring of see invisible (left hand)
 s - a +6 ring of strength
 t - a ring of flight
 w - a +4 ring of protection
 y - a +4 ring of slaying (right hand) {=r}
 D - a ring of fire
 E - an amulet of reflection (around neck)
 K - an amulet of guardian spirit
 R - a ring of protection from fire
Wands
 k - a wand of flame (12)
 z - a wand of iceblast (11)
 C - a wand of acid (10)
 L - a wand of polymorph (9)
Scrolls
 g - a scroll of fog
 h - 3 scrolls of torment
 i - a scroll of teleportation
 q - 5 scrolls of magic mapping
 r - 3 scrolls of enchant weapon {@r3}
 I - a scroll of immolation
 N - a scroll of blinking {unknown}
 Q - a scroll of amnesia
 T - a scroll of identify {@r1}
Potions
 e - a potion of resistance
 f - 2 potions of curing
 j - 2 potions of ambrosia
 o - 2 potions of flight
 u - 2 potions of lignification {unknown}
 x - 2 potions of degeneration {unknown}
 G - a potion of haste {unknown}
Miscellaneous
 m - a phantom mirror
 v - a phial of floods


   Skills:
 + Level 11.4 Fighting
 * Level 15.6(15.9) Axes
 + Level 5.0(11.5) Polearms
 + Level 12.2 Armour
 - Level 2.0 Dodging
 - Level 0.7 Stealth
 + Level 11.9 Shields
 + Level 3.8 Evocations


You had 12 spell levels left.
You didn't know any spells.
Your spell library contained the following spells:

 Spells                   Type           Power      Damage    Failure   Level
 Animate Skeleton         Necr           0%         N/A       86%         1
 Pain                     Necr           0%         1d4       86%         1
 Vampiric Draining        Necr           0%         2d6       99%         3
 Animate Dead             Necr           0%         N/A       100%        4
 Agony                    Necr           0%         N/A       100%        5


Dungeon Overview and Level Annotations

Branches:
Dungeon (10/15)            Temple (1/1) D:5            Lair (3/6) D:10
  Snake (0/4) Lair:2        Sewer (visited)
  Swamp: Lair:2-4    Shoals: Lair:2-4       Orc: D:9-12

Altars:
Ashenzari
Cheibriados
Dithmenos
Elyvilon
Fedhas
Gozag
Hepliaklqana
Kikubaaqudgha
Makhleb
Nemelex Xobeh
Okawaru
Qazlal
Ru
Sif Muna
Trog
Uskayaw
Vehumet
Wu Jian
Xom
Yredelemnul
Zin
The Shining One

Shops:
D:9 ?!?


Innate Abilities, Weirdness & Mutations

You have a pair of horns on your head.
You reflexively headbutt those who attack you in melee.


Message History

You hit the spectral cane toad but do no damage.
You headbutt the spectral cane toad, but do no damage.
The spectral cane toad is lightly damaged.
You are engulfed in spectral mist.
You block the spectral cane toad's attack.
You hit the spectral cane toad.
Your headbutt misses the spectral cane toad.
The spectral cane toad is lightly damaged.
You closely miss the ghost crab.
You are engulfed in spectral mist.
The ghost crab bites you but does no damage.
The ghost crab claws you.
You slash the spectral cane toad!
The spectral cane toad is heavily damaged.
You slash the ghost crab!
You are engulfed in spectral mist.
* * * LOW HITPOINT WARNING * * *
You block the spectral cane toad's attack.
The entropy weaver is engulfed in spectral mist.
You block the ghost crab's attack. The ghost crab claws you.
* * * LOW HITPOINT WARNING * * *
You slice the spectral cane toad!!
The spectral cane toad is almost destroyed.
You hit the ghost crab but do no damage.
You are engulfed in spectral mist.
* * * LOW HITPOINT WARNING * * *
You block the spectral cane toad's attack.
The entropy weaver is engulfed in spectral mist.
The entropy weaver casts a spell at you.
The entropic weave corrodes you!
You barely miss the spectral cane toad. You headbutt the spectral cane toad.
The spectral cane toad is almost destroyed.
You hit the ghost crab but do no damage.
You are engulfed in spectral mist.
* * * LOW HITPOINT WARNING * * *
You block the spectral cane toad's attack.
The ghost crab bites you!
* * * LOW HITPOINT WARNING * * *
The ghost crab claws you!
* * * LOW HITPOINT WARNING * * *
You feel drained.
You die...

...# #.......##P.# ..##
################.... ..#
#..............#.... ..##
#.############.#.... ...#
#.#..!tB.÷. #.#.... .###
#.#.####### #.#.... .### #.#B#
#.#.... ##.###########.#t#
#.#.... .......P..##.#.#@#
#.#...#
......<......#.#Z##########.#....
.............#.#°.○§☼.......#....
..<..........#'##############....
...........................^.....
................................(
...............................#.
..............##.............###.
......P###....###P#.#............


You could see an entropy weaver, a ghost crab and a spectral cane toad
(summoned).

Vanquished Creatures
  Gastronok (D:10)
  An entropy weaver (Lair:3)
  Harold (Lair:2)
  A ghost crab (Lair:3)
  2 hydras
  Fannar (Lair:2)
  Erica (D:9)
  2 two-headed ogres
  Urug (Lair:1)
  5 fire crabs (Lair:3)
  Sonja (Lair:1)
  3 elephants (Lair:3)
  6 cane toads
  An unseen horror (D:10)
  5 komodo dragons
  A troll (D:9)
  A polar bear (Lair:1)
  A hornet (D:7)
  11 blink frogs
  A wyvern (D:8)
  16 yaks
  A basilisk (Lair:2)
  Grum (Lair:1)
  Eustachio (D:4)
  Edmund (D:4)
  9 water moccasins
  2 nagas (Lair:2)
  A sky beast (D:5)
  An ice beast (D:6)
  3 orc warriors
  A hornet zombie (D:7)
  3 ogres
  9 wolves
  A centaur (D:5)
  A gnoll sergeant (D:8)
  16 bullfrogs
  2 wyvern zombies (D:8)
  3 scorpions
  2 water moccasin skeletons
  11 killer bees
  2 electric eels
  8 wights
  7 howler monkeys
  A jelly (D:7)
  4 centaur zombies
  A bullfrog skeleton (D:6)
  A centaur skeleton (D:7)
  3 hounds
  2 orc priests
  Jessica (D:2)
  3 iguanas
  5 orc wizards
  Terence (D:3)
  11 hell rats
  Natasha (twice) (D:3)
  2 killer bee zombies (D:7)
  Robin (D:3)
  8 gnolls
  A howler monkey skeleton (D:4)
  11 adders
  A shadow imp (D:7)
  A white imp (D:7)
  An adder skeleton (D:4)
  4 worms (D:2)
  4 dart slugs
  27 orcs
  4 bats
  9 endoplasms
  7 giant cockroaches
  14 goblins
  10 hobgoblins
  12 jackals
  11 kobolds
  6 quokkas
  8 ball pythons
  2 frilled lizards
  5 rats
333 creatures vanquished.

Vanquished Creatures (others)
  4 fungi
  10 plants
14 creatures vanquished.

Grand Total: 347 creatures vanquished

Notes
Turn   | Place    | Note
-------+----------+-------------------------------------------
     0 | D:1      | leviel the Minotaur Fighter began the quest for the Orb.
     0 | D:1      | Reached XP level 1. HP: 19/19 MP: 0/0
    14 | D:1      | Reached XP level 2. HP: 25/27 MP: 1/1
   489 | D:1      | Reached XP level 3. HP: 34/34 MP: 2/2
   740 | D:1      | Reached skill level 3 in Axes
  1017 | D:2      | Found a faded altar of an unknown god.
  1084 | D:2      | Noticed Jessica
  1087 | D:2      | Killed Jessica
  1088 | D:2      | Reached XP level 4. HP: 41/41 MP: 3/3
  1545 | D:2      | Reached skill level 4 in Axes
  1591 | D:2      | Reached XP level 5. HP: 44/47 MP: 4/4
  2357 | D:3      | Noticed Terence
  2364 | D:3      | Killed Terence
  2365 | D:3      | Reached skill level 5 in Axes
  2432 | D:3      | Noticed Robin
  2451 | D:3      | Killed Robin
  3191 | D:3      | Noticed Natasha
  3195 | D:3      | Killed Natasha
  3196 | D:3      | Reached XP level 6. HP: 55/55 MP: 5/5
  3547 | D:3      | Noticed Natasha
  3551 | D:3      | Killed Natasha
  3650 | D:4      | Reached skill level 6 in Axes
  3754 | D:4      | Reached skill level 5 in Shields
  3855 | D:4      | Found a glowing drain.
  3903 | D:4      | Noticed Edmund
  3903 | D:4      | Noticed Eustachio
  3925 | D:4      | Killed Edmund
  3926 | D:4      | Reached skill level 5 in Fighting
  3926 | D:4      | Reached skill level 5 in Armour
  3926 | D:4      | Reached XP level 7. HP: 61/61 MP: 6/6
  3950 | D:4      | Killed Eustachio
  4563 | D:5      | Entered Level 5 of the Dungeon
  4568 | D:5      | Reached skill level 1 in Dodging
  4569 | D:5      | Reached skill level 7 in Axes
  4839 | D:5      | Reached XP level 8. HP: 60/69 MP: 7/7
  4969 | D:5      | Found a staircase to the Ecumenical Temple.
  5122 | D:5      | Reached skill level 8 in Axes
  5220 | Temple   | Entered the Ecumenical Temple
  6006 | D:6      | Found a glowing drain.
  6022 | Sewer    | Entered a sewer
  6391 | D:6      | Found a glowing silver altar of Zin.
  6776 | D:7      | Reached skill level 9 in Axes
  7043 | D:7      | Reached XP level 9. HP: 70/75 MP: 8/8
  7879 | D:7      | Reached skill level 10 in Axes
  8172 | D:8      | Noticed a two-headed ogre
  8187 | D:8      | Killed a two-headed ogre
  8635 | D:8      | Reached skill level 11 in Axes
  9278 | D:8      | Reached XP level 10. HP: 82/88 MP: 9/9
  9831 | D:9      | Found Xophec's Magic Scroll Emporium.
  9843 | D:9      | Bought a scroll of immolation for 56 gold pieces
  9843 | D:9      | Bought a scroll of magic mapping for 56 gold pieces
  9843 | D:9      | Bought a scroll of teleportation for 48 gold pieces
  9843 | D:9      | Bought a scroll of fear for 56 gold pieces
 10041 | D:9      | Found an opulent altar of Gozag.
 10043 | D:9      | Found a bloodstained altar of Trog.
 10046 | D:9      | Found a shadowy altar of Dithmenos.
 10046 | D:9      | Found a shimmering blue altar of Sif Muna.
 10084 | D:9      | Found Reboap's Distillery.
 10091 | D:9      | Found Ciaryuk's Magic Scroll Boutique.
 11226 | D:9      | Found a glowing golden altar of the Shining One.
 11424 | D:9      | Noticed Erica
 11431 | D:9      | Killed Erica
 11432 | D:9      | Reached skill level 12 in Axes
 11701 | D:10     | Entered Level 10 of the Dungeon
 12082 | D:10     | Noticed Gastronok
 12096 | D:10     | Killed Gastronok
 12097 | D:10     | Reached skill level 10 in Armour
 12097 | D:10     | Reached XP level 11. HP: 78/97 MP: 10/10
 12235 | D:10     | Found a staircase to the Lair.
 12370 | D:10     | Reached skill level 13 in Axes
 12370 | D:10     | Reached skill level 10 in Shields
 12505 | D:10     | Noticed a two-headed ogre
 12516 | D:10     | Killed a two-headed ogre
 12788 | Lair:1   | Entered Level 1 of the Lair of Beasts
 12788 | Lair:1   | Noticed Grum
 14077 | Lair:1   | Reached skill level 10 in Fighting
 14085 | Lair:1   | Killed Grum
 14269 | Lair:1   | Noticed a four-headed hydra
 14277 | Lair:1   | Killed a four-headed hydra
 14278 | Lair:1   | Reached skill level 14 in Axes
 14793 | Lair:1   | Noticed Sonja
 14847 | Lair:1   | Noticed Urug
 15107 | Lair:1   | Killed Urug
 15393 | Lair:1   | Killed Sonja
 15394 | Lair:1   | Reached skill level 1 in Polearms
 15394 | Lair:1   | Reached XP level 12. HP: 23/107 MP: 11/11
 16086 | Lair:2   | Noticed Fannar
 16108 | Lair:2   | Killed Fannar
 16109 | Lair:2   | Reached skill level 1 in Evocations
 16815 | Lair:2   | Noticed Harold
 16826 | Lair:2   | Killed Harold
 16972 | Lair:2   | Found a staircase to the Snake Pit.
 17030 | Lair:2   | Noticed a five-headed hydra
 17037 | Lair:2   | Killed a five-headed hydra
 17547 | Lair:3   | Reached skill level 15 in Axes
 18222 | Lair:3   | Found a runed translucent door.
 19020 | Lair:3   | HP: 5/110 [fire crab] (15)]
 19404 | Lair:3   | Noticed an entropy weaver
 19412 | Lair:3   | Killed an entropy weaver
 19413 | Lair:3   | Reached XP level 13. HP: 111/116 MP: 12/12
 19438 | Lair:3   | HP: 5/113 [ghost crab (15)]
 20266 | Lair:3   | Identified the +9 hunting sling of Instant Death {flame,
                  | rElec rC+ rCorr}
 20337 | Lair:3   | Reached skill level 5 in Polearms
 20340 | Lair:3   | Noticed an entropy weaver
 20352 | Lair:3   | HP: 2/114 [ghost crab (11)]
 20352 | Lair:3   | Slain by a ghost crab

Illustrated notes

Levels and vault maps discovered:
D:1:      dpeg_arrival_stonehenge_12_columns, layout_basic
D:2:      layout_basic, basic_ecumenical_altar, grunt_ministairs_1, uniq_jessica
D:3:      cheibrodos_greedy_goblins, layout_basic, uniq_natasha, uniq_robin,
          uniq_terence
D:4:      layout_loops_cross, gup_sewer_entry_bowl, uniq_edmund, uniq_eustachio
D:5:      layout_cave_pools, temple_statues, grunt_ministairs_4
D:6:      layout_basic, overflow_temple_1_default, portal_sewer_entry_f,
          hangedman_abyss_or_decor_stagger
D:7:      layout_gridville, minivault_1, st_stairs_6, serial_bayou_lagoon_a
D:8:      layout_loops_corners, serial_aquarium, aquarium_bridge_island_small
          [aquarium_subvault_small_open, aquarium_subvault_window,
          aquarium_subvault_window, aquarium_subvault_bridge,
          aquarium_subvault_bridge], aquarium_window_corridor_3,
          aquarium_window_2, aquarium_window_2, aquarium_window_2,
          aquarium_view_2d, aquarium_balcony_3b, aquarium_pool_four
D:9:      layout_loops_corners, tso_metal_star, grunt_temple_overflow_open,
          serial_shops, shop_scrolls, nicolae_shop_trees, shop,
          minmay_misc_feat_square, lightli_orcish_oven, uniq_erica
D:10:     layout_roguey, lair_entry_dummy, uniq_gastronok
Temple:   eino_temple_rhombus
Lair:1:   layout_regular_city, beast_lair_carwin_1, uniq_urug, uniq_sonja,
          uniq_grum
Lair:2:   layout_hall_layers, minmay_snake_entry_guardpost_small,
          serial_bayou_lake_a, grunt_megastairs_3, lemuel_fruit_fields,
          uniq_fannar, uniq_harold
Lair:3:   gammafunk_mikee_crab_dinner, layout_hall_layers, grunt_megastairs_5,
          serial_bayou_shore_b

Skill      XL: |  1  2  3  4  5  6  7  8  9 10 11 12 13 |
---------------+----------------------------------------+-----
Fighting       | 4 5 6 7 9 10 11 | 11.4
Armour         | 4 5 6 7 8 10 11 12 | 12.2
Axes           | 3 4 5 6 7 9 11 12 14 15 | 15.6
Shields        | 4 5 7 8 9 11 | 11.9
Dodging        | 1 2 |  2.0
Polearms       | 1 4 5 |  5.0
Evocations     | 3 |  3.8
Stealth        | |  0.7

Action                   |  1- 3 |  4- 6 |  7- 9 | 10-12 | 13-15 || total
-------------------------+-------+-------+-------+-------+-------++-------
Melee: War axe           |    54 |   149 |   243 |   387 |    37 ||   870
       Headbutt          |     8 |    28 |    58 |   100 |    11 ||   205
       Trident           |       |       |       |    57 |       ||    57
Throw: Boomerang         |       |       |       |     1 |       ||     1
  Use: Potion            |       |     1 |       |     4 |     8 ||    13
       Scroll            |       |       |       |    14 |     4 ||    18
Armor: Scale mail        |    30 |    84 |    79 |   106 |    29 ||   328
Dodge: Dodged            |    19 |    51 |    84 |   120 |     9 ||   283
Block: Kite shield       |    31 |    86 |   170 |   323 |    41 ||   651
       Reflection        |       |       |       |     1 |       ||     1

Table legend: (Time is in decaauts)
 A = Elapsed time spent in this place.
 B = Non-inter-level travel time spent in this place.
 C = Inter-level travel time spent in this place.
 D = Time resting spent in this place.
 E = Time spent auto-exploring this place.
 F = Levels seen in this place.
 G = Mean time per level.
                   A        B        C        D        E       F      G
               +--------+--------+--------+--------+--------+-----+--------+
         Total |  20539 |  19968 |    571 |   5429 |  12367 |  15 | 1369.3 |
       Dungeon |  14002 |  13528 |    474 |   3290 |   8799 |  10 | 1400.2 |
        Temple |    260 |    243 |     17 |      0 |    210 |   1 |  260.0 |
          Lair |   6090 |   6011 |     79 |   2139 |   3210 |   3 | 2030.0 |
         Sewer |    185 |    185 |      0 |      0 |    148 |   1 |  185.0 |
               +--------+--------+--------+--------+--------+-----+--------+

Top non-repeatable levels by time:
  Lair:3: 2788 daAuts
    D:10: 2558 daAuts
     D:9: 1937 daAuts
  Lair:1: 1809 daAuts
     D:8: 1602 daAuts
  Lair:2: 1492 daAuts
     D:7: 1480 daAuts
     D:3: 1360 daAuts
     D:2: 1276 daAuts
     D:4: 1040 daAuts
     D:6: 1029 daAuts
     D:1: 1007 daAuts
     D:5: 709 daAuts
  Temple: 260 daAuts
   Sewer: 185 daAuts
